AoeStats
← momoJR

Arabia

510027801Analyzed
1v1 RM · 3d ago on Sep 29, 2026· 30m 42s· 2 players
Game mode
Random Map
Map size
Tiny (2 player)
Population
200
Speed
Normal
Resources
Standard
Victory
Conquest
Starting age
Dark Age
Ending age
Imperial Age
RankedLock teamsTeams togetherTeam positionsShared explorationLock speedFull tech treeHidden civsTurbo modeCheats
Victory
Defeat
🇲🇽 Khmer · Mexico
1274
+15
🇦🇷 Japanese · Argentina
1256
-15
momoJR
6:41 Loom
9:25 Feudal Age
9:53 Double-Bit Axe
15:09 Wheelbarrow
21:01 Castle Age
25:43 Town Watch
27:36 Horse Collar
29:27 Fletching
MTensei
7:58 Loom
10:15 Feudal Age
10:45 Man-at-Arms
15:19 Fletching
17:41 Double-Bit Axe
19:49 Horse Collar
23:32 Castle Age
23:16 Padded Archer Armor
23:36 Crossbowman
24:12 Bodkin Arrow
25:53 Wheelbarrow
26:14 Gold Mining
30:14 Imperial Age
28:41 Ballistics
30:24 Arbalester
31:22 Bracer
Connection lost

Rejoining the realm…

Still unreachable

The connection could not be restored.

Session expired

The server has moved on; the page needs a fresh start.